 Dungeon Crawl Stone Soup version 0.27.0-1-g7a089689b8 (webtiles) character file.

Game seed: 4776458321581955398

57 Tutankhamun the Sneak (level 4, 0/27 HPs)
             Began as a Kobold Brigand on Aug 15, 2021.
             Slain by a goblin (3 damage)
             ... led by Robin
             ... on level 2 of the Dungeon.
             The game lasted 00:02:35 (1628 turns).

Tutankhamun the Sneak (Kobold Brigand)              Turns: 1628, Time: 00:02:36

Health: 0/27       AC:  3    Str:  8    XL:     4   Next: 18%
Magic:  4/4        EV: 15    Int: 12    God:
Gold:   101        SH:  0    Dex: 17    Spells: 3/3 levels left

rFire    . . .     SeeInvis .   i - +1 dagger (venom)
rCold    . . .     Faith    .   (shield restricted)
rNeg     . . .     Spirit   .   b - +0 robe
rPois    .         Reflect  .   (no helmet)
rElec    .         Harm     .   c - +0 cloak
rCorr    .         Rampage  .   (no gloves)
Will     .....                  (no boots)
Stlth    ++++......             (no amulet)
HPRegen  0.09/turn              (no ring)
MPRegen  0.09/turn              (no ring)

@: no status effects
A: small, no large weapons, nightstalker 3
a: no special abilities


You were on level 2 of the Dungeon.
You visited 1 branch of the dungeon, and saw 2 of its levels.

You collected 101 gold pieces.

Inventory:

Hand Weapons
 a - a +2 dagger
 i - a +1 dagger of venom (weapon)
Missiles
 d - 8 poisoned darts (quivered)
 e - 2 curare-tipped darts
Armour
 b - a +0 robe (worn)
 c - a +0 cloak (worn)
 h - a +2 buckler
Scrolls
 g - 2 scrolls of fear {unknown}
 j - a scroll of enchant weapon {unknown}
 k - a scroll of blinking {unknown}
 l - 2 scrolls of fog {unknown}
 n - 2 scrolls of magic mapping {unknown}
 o - a scroll of noise {unknown}
Potions
 f - a potion of resistance {unknown}
 m - a potion of haste {unknown}


   Skills:
 + Level 2.3 Fighting
 * Level 4.5 Short Blades
 - Level 2.1 Throwing
 * Level 2.8 Dodging
 - Level 5.3 Stealth


You had 3 spell levels left.
You didn't know any spells.
Your spell library was empty.

Dungeon Overview and Level Annotations

Branches:
Dungeon (2/15)

Altars:

Shops:
D:2 *

Annotations:
D:2 Robin


Innate Abilities, Weirdness & Mutations

You are small and have problems with some larger weapons.
You are completely attuned to the shadows.


Message History

You open the door.
There is an open door here.
A hobgoblin comes into view.
The hobgoblin moves out of view.
A goblin comes into view. It is wielding a +0 club.
A goblin is nearby!
A goblin comes into view. It is wielding a +0 dagger.
A goblin comes into view. It is wielding a +0 dagger.
The goblin shouts!
The goblin hits you with a +0 club.
A hobgoblin comes into view.
The goblin moves out of view.
Robin shouts!
The hobgoblin shouts!
You hear a shout! x2
You hear an angry hiss.
The goblin hits you with a +0 club. Robin barely misses you.
You barely miss the goblin. You hit the goblin but do no damage.
The goblin is poisoned.
The goblin hits you with a +0 club.
Robin roars a battlecry!
The goblins go into a battle-frenzy!
You kill the goblin!
Robin's horned helmet rattles.
You hit the hobgoblin but do no damage.
The hobgoblin is poisoned.
You completely miss the hobgoblin.
Robin hits you from afar with a +0 trident!
The hobgoblin hits you.
* * * LOW HITPOINT WARNING * * *
You hit the hobgoblin.
The hobgoblin is moderately wounded.
Robin laughs in a distinctly smug fashion.
Robin misses you. The hobgoblin closely misses you.
You closely miss the hobgoblin.
The hobgoblin is almost dead.
You kill the hobgoblin!
Robin closely misses you.
You closely miss the goblin. The goblin hits you with a +0 dagger.
* * * LOW HITPOINT WARNING * * *
Robin completely misses you. The hobgoblin barely misses you.
The goblin hits you with a +0 dagger.
You die...

######## #...†..# ####
##..###§###########....
....#§§†§≈#............
....^>#
##..#§§≈.≈#.###...#....
.g....# #..+§≈≈≈.'.#
#...#.... .g....##
#..#≈.≈.≈### #.gg#..g.
g.....#. ##.#§≈.≈≈#
#.@g#.... #..#.
#.###'### #...# #..#.
#.....# #...# #..#.
####### ##### #).#.
#..#< #..## #...) #.###
#.#


You could see Robin, a hobgoblin (strong) and a goblin (strong).

Vanquished Creatures
  2 adders (D:2)
  6 bats
  2 endoplasms (D:1)
  2 giant cockroaches
  7 hobgoblins
  A kobold (D:1)
  2 quokkas
  4 frilled lizards
  7 goblins (D:2)
  2 rats (D:1)
35 creatures vanquished.

Notes
Turn   | Place    | Note
-------+----------+-------------------------------------------
     0 | D:1      | Tutankhamun the Kobold Brigand began the quest for the Orb.
     0 | D:1      | Reached XP level 1. HP: 12/12 MP: 1/1
   128 | D:1      | Found a faded altar of an unknown god.
   357 | D:1      | Reached XP level 2. HP: 15/17 MP: 2/2
   975 | D:2      | Reached XP level 3. HP: 21/21 MP: 3/3
   978 | D:2      | Noticed Robin
  1245 | D:2      | Found Gamasyso's Assorted Antiques.
  1453 | D:2      | Reached XP level 4. HP: 17/27 MP: 4/4
  1628 | D:2      | Slain by a goblin

Illustrated notes

Levels and vault maps discovered:
D:1:      moated_graveyard_arrival, layout_loops_ring, basic_ecumenical_altar
D:2:      wander_river, layout_basic, serial_shops, shop,
          kennysheep_generic_room_13, uniq_robin

Skill      XL: |  1  2  3 |
---------------+----------+-----
Short Blades   | 3 4 |  4.5
Dodging        | 2 |  2.8
Fighting       | |  2.3
Throwing       | |  2.1
Stealth        | |  5.3

Action                   |  1- 3 |  4- 6 || total
-------------------------+-------+-------++-------
Melee: Dagger            |    80 |    10 ||    90
Throw: Dart              |     3 |       ||     3
 Stab: Sleeping          |    14 |       ||    14
Armor: Robe              |    14 |     5 ||    19
Dodge: Dodged            |    45 |    10 ||    55
